 Dungeon Crawl Stone Soup version 0.20.2-3-g29329e0561 (webtiles) character file.

28310 zaRGo the Severer (level 13, -3/122 HPs)
             Began as a Minotaur Fighter on Dec 9, 2023.
             Was a High Priest of Trog.
             Slain by a hornet (10 damage)
             ... on level 5 of the Lair of Beasts.
             The game lasted 01:38:12 (20716 turns).

zaRGo the Severer (Minotaur Fighter)               Turns: 20716, Time: 01:38:12

Health: -3/122     AC: 19    Str: 27    XL:     13   Next: 9%
Magic:  15/15      EV:  8    Int:  5    God:    Trog [*****.]
Gold:   1400       SH:  0    Dex:  9    Spells: 12/12 levels left

rFire    . . .     SeeInvis +   a - +0 war axe
rCold    + . .     Gourm    .   (no shield)
rNeg     . . .     Faith    .   i - +0 plate armour
rPois    .         Spirit   .   (helmet restricted)
rElec    .         Reflect  .   (no cloak)
rCorr    .         Harm     .   P - +2 pair of gloves
MR       .....                  (no boots)
Stlth    ..........             (no amulet)
Regen    0.3/turn               K - ring of see invisible
MPRegen  0.2/turn               F - ring of protection from cold

@: lethally poisoned (-3 -> -6), about to teleport, very slightly contaminated,
slowed, invisible, very slow
A: retaliatory headbutt, horns 2
a: Berserk, Trog's Hand, Brothers in Arms, Burn Spellbooks, Renounce Religion


You were on level 5 of the Lair of Beasts.
You worshipped Trog.
Trog was extremely pleased with you.
You were hungry.

You visited 2 branches of the dungeon, and saw 18 of its levels.
You also visited: Volcano.

You collected 1400 gold pieces.

Inventory:

Hand Weapons
 a - a +0 war axe (weapon)
 b - a +0 dire flail of flaming
Missiles
 C - 329 stones (quivered)
 J - 3 curare-tipped needles
Armour
 i - a +0 plate armour (worn)
 w - the +1 cloak of Starlight {rElec rC+ EV+4 Stlth--}
   (You found it on level 3 of the Lair of Beasts)

   It affects your evasion (+4).
   It protects you from cold.
   It insulates you from electricity.
   It makes you much less stealthy.
 y - a +0 shield
 P - a +2 pair of gloves (worn)
Jewellery
 F - a ring of protection from cold (right hand)
 K - a ring of see invisible (left hand)
 Z - an uncursed ring of ice
Wands
 d - a wand of confusion (7/48)
 x - a wand of random effects (15/48)
 A - a wand of polymorph (4/24)
 G - a wand of disintegration (12/24)
 H - a wand of polymorph (14/24)
 L - a wand of random effects (13/48)
 R - a wand of confusion (15/48)
 V - a wand of random effects (35/48)
 W - a wand of flame (17/48)
 Y - a wand of lightning (2/15)
Scrolls
 k - 4 scrolls of enchant armour
 l - a scroll of random uselessness {unknown}
 o - a scroll of noise {unknown}
 p - 6 scrolls of recharging
 q - 2 scrolls of fear {unknown}
 t - 7 scrolls of remove curse
 D - a scroll of torment {unknown}
 E - a scroll of teleportation
 I - 4 scrolls of enchant weapon
 Q - 2 scrolls of magic mapping {unknown}
 S - a scroll of acquirement {unknown}
Potions
 c - a potion of brilliance {unknown}
 e - 5 potions of curing
 g - 3 potions of flight
 j - a potion of invisibility
 m - 3 potions of degeneration {unknown}
 r - 2 potions of haste
 s - 3 potions of lignification
 v - 3 potions of heal wounds
 z - 5 potions of resistance
 B - 2 potions of ambrosia
 N - a potion of might
 O - a potion of agility
 T - a potion of mutation {unknown}
 U - 3 potions of cancellation {unknown}
Miscellaneous
 M - a phial of floods
Comestibles
 f - 9 bread rations
 h - 21 fruits
 n - 3 royal jellies
 u - a meat ration


   Skills:
 + Level 13.1 Fighting
 * Level 17.2 Axes
 + Level 13.1 Armour
 - Level 3.6 Shields
 - Level 5.0 Evocations


You had 12 spell levels left.
You didn't know any spells.

Dungeon Overview and Level Annotations

Branches:
Dungeon (12/15)            Temple (0/1) D:6            Lair (6/6) D:8
  Swamp (0/4) Lair:2        Snake (0/4) Lair:4        Slime (0/5) Lair:5
    Orc: D:9-12

Altars:
Ashenzari
Dithmenos
Fedhas
Gozag
Kikubaaqudgha
Nemelex Xobeh
Qazlal
Sif Muna
Trog
Uskayaw
Vehumet
Xom
Yredelemnul

Shops:
D:4 %   D:8 %

Portals:
Ice
Cave: D:12

Annotations:
D:2 1 exclusion
D:7 1 exclusion
Lair:1 2 exclusions
Lair:2 2 exclusions
Lair:3 2 exclusions
Lair:4 exclusion: 2 oklob plants


Innate Abilities, Weirdness & Mutations

You reflexively headbutt those who attack you in melee.
You have a pair of horns on your head.


Message History

You feel sick.
The wyvern bites you but does no damage.
The dream sheep bites you.
* * * LOW HITPOINT WARNING * * *
The wyvern bites you!
* * * LOW HITPOINT WARNING * * *
The dream sheep bites you but does no damage.
The dream sheep closely misses you.
As you read the scroll of teleportation, it crumbles to dust.
You feel strangely unstable.
You feel sick.
The hornet stings you but does no damage.
The wyvern hisses menacingly.
The wyvern barely misses you. The hornet barely misses you.
The wyvern closely misses you. You furiously retaliate!
You headbutt the wyvern!
You kill the wyvern!
Trog accepts your kill.
The dream sheep bites you but does no damage. x2
The hornet stings you!
You die...

###############
##########..P#..P.##..#.
#.......................
##.....l...P.>..........
#..#..yYY.##............
#P..#.†@.#......#.......
##...#...###.....#......
##..##...###....##......
#.........#.....##......
##.......#.#....P.......
##...................###
#....................###
#..#r.#................#
##...#.P...............#


You could see a hornet, a wyvern, 2 dream sheep and a porcupine (wandering).

Vanquished Creatures
  2 hydras
  A catoblepas (Lair:5)
  A centaur warrior (D:11)
  The ghost of Alfie the Slicer, a novice HOFi (D:9)
  3 two-headed ogres
  A tengu warrior (D:11)
  2 skeletal warriors (Volcano)
  A sea snake (Lair:5)
  A lindwurm (Lair:3)
  The ghost of Alfie the Shield-Bearer, a novice HOFi (D:6)
  An ugly thing (D:10)
  2 black mambas
  2 gargoyles (Volcano)
  8 spiny frogs
  3 komodo dragons
  A troll (D:9)
  3 harpy skeletons (Volcano)
  5 blink frogs (Lair:3)
  7 hippogriffs
  Sigmund (D:4)
  2 alligator skeletons (Volcano)
  2 flying skulls (Volcano)
  8 yaks
  2 wyverns
  2 wraiths
  Grum (D:8)
  A basilisk (Lair:2)
  A steam dragon (Lair:3)
  Edmund (D:4)
  4 nagas (Lair:4)
  10 water moccasins
  8 porcupines
  3 ice beasts
  4 orc warriors
  4 phantoms
  The ghost of Alfie the Skirmisher, an amateur HOFi (D:3)
  An eye of draining (D:7)
  3 sky beasts
  13 wolves
  An ogre (D:5)
  A necrophage (D:9)
  3 centaurs
  10 crocodiles
  2 big kobolds
  11 bullfrogs
  2 scorpions
  10 killer bees
  An electric eel (Lair:5)
  4 spriggan skeletons (Volcano)
  A howler monkey (D:12)
  5 crimson imps
  3 bullfrog zombies
  A centaur zombie (D:7)
  A quasit (D:7)
  6 jellies
  2 centaur skeletons
  7 orc priests
  6 hounds
  A bullfrog skeleton (D:5)
  3 iguanas
  Ijyb (D:3)
  9 worker ants
  12 orc wizards
  2 killer bee zombies
  A hound skeleton (D:9)
  6 adders
  2 gnolls (D:4)
  A shadow imp (D:12)
  3 oozes
  2 adder skeletons
  3 worms
  4 dart slugs
  8 leopard geckos
  31 orcs
  3 ball pythons
  3 giant cockroaches
  14 hobgoblins
  5 jackals
  11 kobolds
  6 quokkas
  8 bats
  2 frilled lizards
  6 goblins
  A jackal skeleton (D:4)
  A leopard gecko skeleton (D:5)
  A leopard gecko zombie (D:6)
  7 rats
  6 fungi
  18 plants
376 creatures vanquished.

Vanquished Creatures (others)
  2 gargoyles (Volcano)
  A flying skull (Volcano)
  A spriggan skeleton (Volcano)
  A naga skeleton (Volcano)
  51 fungi
  14 plants
70 creatures vanquished.

Grand Total: 446 creatures vanquished

Notes
Turn   | Place    | Note
-------+----------+-------------------------------------------
     0 | D:1      | zaRGo the Minotaur Fighter began the quest for the Orb.
     0 | D:1      | Reached XP level 1. HP: 19/19 MP: 0/0
   244 | D:1      | Reached XP level 2. HP: 27/27 MP: 1/1
   368 | D:1      | Reached skill level 3 in Axes
   705 | D:2      | Reached XP level 3. HP: 32/33 MP: 2/2
   964 | D:2      | Found an opulent altar of Gozag.
  1275 | D:2      | Found a stormy altar of Qazlal.
  1275 | D:2      | Found a faded altar of an unknown god.
  1283 | D:2      | Found a bloodstained altar of Trog.
  1287 | D:2      | Found a radiant altar of Vehumet.
  1289 | D:2      | Found a deep blue altar of Sif Muna.
  1294 | D:2      | Became a worshipper of Trog the Wrathful
  1323 | D:2      | Found a sparkling altar of Nemelex Xobeh.
  1559 | D:2      | Reached XP level 4. HP: 34/41 MP: 3/3
  1815 | D:3      | Noticed Ijyb
  1850 | D:3      | Killed Ijyb
  1850 | D:3      | Reached skill level 4 in Axes
  2055 | D:3      | Noticed Alfie's ghost (amateur HOFi)
  2071 | D:3      | Killed Alfie's ghost
  2071 | D:3      | Reached skill level 5 in Fighting
  2071 | D:3      | Reached skill level 5 in Axes
  2071 | D:3      | Reached XP level 5. HP: 39/48 MP: 4/4
  2730 | D:3      | Noticed an ice beast
  2748 | D:3      | Killed an ice beast
  2748 | D:3      | Reached skill level 5 in Armour
  2748 | D:3      | Reached XP level 6. HP: 23/56 MP: 5/5
  3644 | D:4      | Reached skill level 6 in Axes
  3806 | D:4      | Noticed Edmund
  3876 | D:4      | Killed Edmund
  3876 | D:4      | Reached skill level 1 in Evocations
  3876 | D:4      | Reached XP level 7. HP: 63/63 MP: 6/6
  3906 | D:4      | Found a shadowy altar of Dithmenos.
  3936 | D:4      | Found a blossoming altar of Fedhas.
  4143 | D:4      | Reached * piety under Trog
  4221 | D:4      | Noticed Sigmund
  4238 | D:4      | Killed Sigmund
  4238 | D:4      | Reached skill level 7 in Axes
  4670 | D:4      | Found Pathraano's Food Emporium.
  4717 | D:5      | Entered Level 5 of the Dungeon
  4730 | D:5      | Reached XP level 8. HP: 69/71 MP: 8/8
  4907 | D:5      | Reached skill level 8 in Axes
  5062 | D:4      | Reached ** piety under Trog
  5836 | D:5      | Reached skill level 9 in Axes
  6224 | D:5      | Found a hide-covered altar of Uskayaw.
  6416 | D:6      | Found a shattered altar of Ashenzari.
  6533 | D:6      | Found a staircase to the Ecumenical Temple.
  6940 | D:6      | Reached XP level 9. HP: 68/79 MP: 10/10
  7243 | D:6      | Noticed Alfie's ghost (novice HOFi)
  7254 | D:6      | Killed Alfie's ghost
  7254 | D:6      | Reached skill level 10 in Axes
  7411 | D:7      | Found an ancient bone altar of Kikubaaqudgha.
  7871 | D:7      | Found a basalt altar of Yredelemnul.
  8327 | D:7      | Reached *** piety under Trog
  8328 | D:7      | Reached skill level 11 in Axes
  8328 | D:7      | Reached skill level 5 in Evocations
  8508 | D:8      | Found a shimmering altar of Xom.
  8511 | D:8      | Noticed Grum
  8526 | D:8      | Killed Grum
  8533 | D:8      | Reached XP level 10. HP: 49/90 MP: 12/12
  9049 | D:8      | Found Qaciewasudi's Food Emporium.
  9203 | D:8      | Found a staircase to the Lair.
  9223 | D:8      | Reached skill level 12 in Axes
  9342 | D:8      | Noticed a two-headed ogre
  9371 | D:8      | Killed a two-headed ogre
  9611 | D:9      | Noticed Alfie's ghost (novice HOFi)
  9712 | D:9      | Killed Alfie's ghost
  9712 | D:9      | Received a gift from Trog
  9712 | D:9      | Reached skill level 10 in Fighting
  9712 | D:9      | Reached skill level 10 in Armour
  9824 | D:9      | Reached skill level 13 in Axes
 10022 | D:9      | Reached XP level 11. HP: 75/100 MP: 13/13
 10292 | D:10     | Entered Level 10 of the Dungeon
 10313 | D:10     | Noticed a two-headed ogre
 10364 | D:9      | Killed a two-headed ogre
 10364 | D:9      | Reached **** piety under Trog
 11636 | D:11     | Noticed a purple ugly thing
 11642 | D:11     | Noticed a centaur warrior
 11654 | D:10     | Killed a purple ugly thing
 11751 | D:11     | Killed a centaur warrior
 11916 | D:11     | Reached skill level 14 in Axes
 12112 | D:11     | Noticed a tengu warrior
 12148 | D:11     | Killed a tengu warrior
 12343 | D:12     | Noticed a two-headed ogre
 12358 | D:12     | Killed a two-headed ogre
 12412 | D:12     | Noticed a centaur warrior
 12576 | D:12     | Found a frozen archway.
 12576 | D:12     | Noticed a centaur warrior
 12876 | Lair:1   | Entered Level 1 of the Lair of Beasts
 13883 | Lair:2   | Found a staircase to the Swamp.
 13971 | Lair:2   | Reached skill level 15 in Axes
 14392 | Lair:2   | Found a dark tunnel.
 14401 | Volcano  | Entered a volcano
 14468 | Volcano  | Reached XP level 12. HP: 67/110 MP: 14/14
 16394 | Lair:3   | Reached skill level 16 in Axes
 17787 | Lair:4   | Found a staircase to the Snake Pit.
 17804 | Lair:4   | Noticed an eight-headed hydra
 17815 | Lair:4   | Killed an eight-headed hydra
 19093 | Lair:5   | Reached ***** piety under Trog
 19284 | Lair:5   | Noticed a catoblepas
 19334 | Lair:5   | Killed a catoblepas
 19570 | Lair:5   | Found a staircase to the Slime Pits.
 19693 | Lair:5   | Reached skill level 17 in Axes
 20075 | Lair:5   | Reached XP level 13. HP: 112/122 MP: 15/15
 20562 | Lair:6   | Entered Level 6 of the Lair of Beasts
 20707 | Lair:6   | Paralysed by a hornet for 3 turns
 20716 | Lair:5   | Slain by a hornet

Skill      XL: |  1  2  3  4  5  6  7  8  9 10 11 12 |
---------------+-------------------------------------+-----
Axes           | 3 5 6 7 9 11 13 15 17 | 17.2
Armour         | 4 5 6 7 8 10 11 13 | 13.1
Fighting       | 4 5 6 7 8 10 11 13 | 13.1
Evocations     | 1 2 3 5 |  5.0
Shields        | |  3.6

Action                   |  1- 3 |  4- 6 |  7- 9 | 10-12 | 13-15 || total
-------------------------+-------+-------+-------+-------+-------++-------
Melee: War axe           |   106 |   268 |   418 |   817 |    18 ||  1627
       Headbutt          |     9 |    74 |    65 |   172 |    11 ||   331
       Dire flail        |       |       |       |     4 |     5 ||     9
Throw: Stone             |       |     1 |     1 |     2 |       ||     4
Invok: Berserk           |       |       |     3 |     6 |     1 ||    10
       Burn Spellbooks   |       |       |     2 |     1 |       ||     3
Evoke: Wand              |       |     4 |     8 |    13 |       ||    25
  Use: Potion            |     1 |     2 |       |     5 |     2 ||    10
       Scroll            |       |       |    17 |     4 |     1 ||    22
 Stab: Confused          |       |     1 |       |       |       ||     1
  Eat: Chunk             |     2 |     2 |    12 |    25 |       ||    41
       Fruit             |       |     2 |       |    10 |     3 ||    15
       Meat ration       |       |     1 |     1 |       |       ||     2
       Bread ration      |       |       |       |     2 |       ||     2
Armor: Scale mail        |     4 |       |       |       |       ||     4
       Plate armour      |    69 |    56 |   253 |   428 |    42 ||   848
Dodge: Dodged            |    13 |    12 |    68 |   158 |    29 ||   280
Block: Shield            |    50 |    53 |   217 |   314 |       ||   634
